 Dungeon Crawl Stone Soup version 0.17-a0-848-g7e5c6af (webtiles) character file.

36 namelastname112 the Bolt Thrower (level 3, 0/45 HPs)
             Began as a Draconian Hunter on Apr 28, 2015.
             Slain by a crimson imp (1 damage)
             ... summoned by Natasha
             ... on level 2 of the Dungeon.
             The game lasted 00:01:55 (1000 turns).

namelastname112 the Bolt Thrower (Draconian Hunter) Turns: 1000, Time: 00:01:55

Health: 0/45       AC: 21    Str: 14    XL:     3   Next: 19%
Magic:  3/3        EV:  2    Int: 11    God:
Gold:   86         SH:  0    Dex: 12    Spells: 0 memorised, 2 levels left

rFire  . . .     SeeInvis .     a - +0 spear
rCold  . . .     Clarity  .     (armour unavailable)
rNeg   + + +     SustAb   .     (no shield)
rPois  +         Gourm    .     (helmet currently unavailable)
rElec  .         Spirit   .     (cloak currently unavailable)
rCorr  .         Warding  .     (gloves currently unavailable)
rMut   +         NoTele   +     (boots currently unavailable)
MR     .....                    n - amulet of resist mutation
Stlth  ++........               (no ring)
                                (no ring)

@: tree-form, slowed, very slow, not resistant to hostile enchantments,
unstealthy
A: unfitting armour, (cold-blooded), AC +5
a: no special abilities


You were on level 2 of the Dungeon.
You were hungry.
You were a tree.
You visited 1 branch of the dungeon, and saw 2 of its levels.

You collected 86 gold pieces.

Inventory:

Hand weapons
 a - a +0 spear (weapon)
 b - a +1 hand crossbow
Missiles
 c - 39 bolts
Jewellery
 n - an amulet of resist mutation (around neck)
Scrolls
 g - a scroll of remove curse {unknown}
 h - a scroll of noise {unknown}
 i - a scroll of magic mapping {unknown}
 j - a scroll of enchant armour {unknown}
 m - a scroll of identify {unknown}
 o - a scroll of teleportation {unknown}
Potions
 e - a potion of restore abilities {unknown}
 f - a potion of lignification
 k - a potion of heal wounds {unknown}
 l - a potion of ambrosia {unknown}
 p - a potion of curing {unknown}
Comestibles
 d - a bread ration


   Skills:
 + Level 2.5 Fighting
 + Level 0.4 Polearms
 * Level 4.2 Crossbows
 + Level 2.1 Dodging
 - Level 0.8 Stealth


You had 2 spell levels left.
You didn't know any spells.

Dungeon Overview and Level Annotations

Branches:
Dungeon (2/15)

Altars:
Qazlal

Annotations:
D:2 Natasha


Innate Abilities, Weirdness & Mutations

((Your plain brown scales are hard (AC +5).))
Your body does not fit into most forms of armour.
((You are cold-blooded and may be slowed by cold attacks.))


Message History

You hit Natasha but do no damage.
Natasha is heavily wounded.
The crimson imp hits you but does no damage.
Natasha closely misses you. The crimson imp barely misses you.
You closely miss Natasha.
Natasha is heavily wounded.
Natasha claws you. The crimson imp hits you.
Natasha casts a spell at thin air.
A cloud of flames roars to life!
You hit Natasha.
Natasha is severely wounded.
The crimson imp closely misses you. Natasha claws you.
* * * LOW HITPOINT WARNING * * *
The crimson imp hits you but does no damage.
Natasha claws you!
* * * LOW HITPOINT WARNING * * *
Drink which item? (? for menu, Esc to quit)
It was a potion of lignification.
You turn into a tree.
Your roots penetrate the ground.
The crimson imp hits you.
You die...

.....# ... <....#
......... ####.#
..........#
...........
...........
..........
.........#
..)...).h5#
#...♣.### #####..§#
. #..#.# ...
##..#.### ..#
##.......#
#.######........#
###
#.#.............#
.(#
###.#+###.........#
..#
#............<.....


You could see Natasha and a crimson imp.

Vanquished Creatures
  An adder (D:2)
  4 bats
  2 giant cockroaches (D:1)
  2 hobgoblins (D:1)
  7 kobolds (D:1)
  8 goblins (D:1)
  2 rats (D:1)
26 creatures vanquished.

Notes
Turn   | Place    | Note
--------------------------------------------------------------
     0 | D:1      | namelastname112, the Draconian Hunter, began the quest for the Orb.
     0 | D:1      | Reached XP level 1. HP: 17/17 MP: 1/1
   190 | D:1      | Reached XP level 2. HP: 21/24 MP: 2/2
   367 | D:1      | Reached skill level 4 in Crossbows
   856 | D:2      | Found a stormy altar of Qazlal.
   865 | D:2      | Reached XP level 3. HP: 25/30 MP: 3/3
   989 | D:2      | Noticed Natasha
   999 | D:2      | HP: 1/30 [Natasha (7)]
  1000 | D:2      | Slain by a crimson imp

Action                   || total
-------------------------++-------
Melee: Short sword       ||    38
       Spear             ||   101
  Use: Potion            ||     1
